AoeStats
← GUSTAVO-nardes

Oasis

510092155Analyzed
2v2 RM · 1d ago on Sep 29, 2026· 56m 54s· 4 players
Game mode
Random Map
Map size
Medium (4 player)
Population
200
Speed
Normal
Resources
Standard
Victory
Conquest
Starting age
Dark Age
Ending age
Imperial Age
RankedLock teamsTeams togetherTeam positionsShared explorationLock speedFull tech treeHidden civsTurbo modeCheats
Victory
Defeat
🇩🇪 Saxons · Germany
798
+11
🇨🇭 Italians · Switzerland
737
+14
🇧🇷 Georgians · Brazil
739
-14
🇧🇷 Varangians · Brazil
648
-11
duro-dur8
9:10 Feudal Age
13:49 Double-Bit Axe
13:50 Horse Collar
17:46 Wheelbarrow
18:26 Gold Mining
21:58 Castle Age
23:12 Hand Cart
23:14 Bow Saw
23:12 Heavy Plow
27:29 Scale Barding Armor
27:35 Forging
27:32 Husbandry
31:18 Imperial Age
29:39 Bloodlines
28:51 Light Cavalry
30:27 Chain Barding Armor
31:33 Iron Casting
32:46 Plate Barding Armor
33:27 Two-Man Saw
33:03 Crop Rotation
33:17 Hussar
35:28 Blast Furnace
PROtektorKaiser
0:34 Loom
10:17 Feudal Age
10:44 Double-Bit Axe
10:42 Horse Collar
11:40 Wheelbarrow
13:52 Gold Mining
18:08 Stone Mining
21:38 Castle Age
23:33 Bow Saw
23:26 Heavy Plow
24:08 Gold Shaft Mining
28:57 Hand Cart
31:58 Squires
31:38 Pikeman
33:08 Fletching
33:29 Forging
33:20 Scale Mail Armor
34:03 Bodkin Arrow
37:57 Imperial Age
37:17 Chain Mail Armor
38:00 Iron Casting
38:54 Ballistics
39:18 Plate Mail Armor
38:49 Bracer
38:15 Halberdier
40:15 Crop Rotation
43:08 Caravan
43:39 Coinage
43:20 Guilds
43:54 Shield Wall
44:58 Conscription
48:46 Padded Archer Armor
48:52 Scale Barding Armor
48:17 Elite Varangian Guard
GUSTAVO-nardes
0:31 Loom
13:12 Feudal Age
18:16 Castle Age
21:43 Fletching
26:20 Light Cavalry
28:49 Double-Bit Axe
31:13 Scale Mail Armor
35:42 Wheelbarrow
44:01 Imperial Age
Matheus wn8088
7:06 Loom
10:46 Feudal Age
15:06 Double-Bit Axe
15:14 Gold Mining
19:34 Castle Age
18:44 Stone Mining
28:08 Imperial Age
28:59 Stone Shaft Mining
28:37 Bow Saw
28:43 Horse Collar
31:25 Forging
31:34 Scale Barding Armor
32:33 Conscription
31:35 Elite Monaspa
34:47 Heavy Plow
38:22 Wheelbarrow
38:45 Iron Casting
38:31 Chain Barding Armor
48:15 Blast Furnace
Connection lost

Rejoining the realm…

Still unreachable

The connection could not be restored.

Session expired

The server has moved on; the page needs a fresh start.